Cogmind - Beta 11.1 @@@ ROGUE MODE // 2022.09.12 @ 18:16:00 Player: Enzo Result: Self-destructed Performance ------------- Evolutions (4) 2000 Regions Visited (12) 2400 Robots Destroyed (112) 560 Value Destroyed (3318) 3318 Prototype IDs (38) 760 Alien Tech Used (0) 0 Bonus (1585) 1585 TOTAL SCORE: 10623 Bonus ------- High Alert Combat Kills 85 Entered Garrisons 200 Used RIF Installer 500 Entered DSFs 500 Aligned with FarCom 300 Cogmind --------- Core Integrity 520/850 Matter 188/300 Energy 26/100 System Corruption 10% Temperature Cool (0) Movement Core (50) Location -6/DSF Parts ------- > --- POWER (1) -------- (None) > --- PROPULSION (3) --- (None) > --- UTILITY (7) ------ Advanced Heat Sink Improved Signal Interpreter Advanced Terrain Scan Processor Relay Coupler [Swarmer] (34) > --- WEAPON (4) ------- (None) > --- INVENTORY (5) ---- Improved Terrain Scanner Peak State ------------ > --- POWER ------------ Cooled Ion Engine > --- PROPULSION ------- Gravmag System Gravmag System Gravmag System > --- UTILITY ---------- Advanced Heat Sink Large Storage Unit Improved Signal Interpreter Reflective Plating EM Disruption Field Relay Coupler [Swarmer] Relay Coupler [Sentry] > --- WEAPON ----------- Cooled Plasma Cannon Cooled Plasma Cannon Gauss Rifle Gauss Rifle > --- INVENTORY -------- Fission Core Light Treads Light Treads Armored Treads Gravmag System Medium Storage Unit Improved Terrain Scanner Advanced Terrain Scanner EM Pulse Cannon EM Pulse Cannon Cooled Plasma Cannon Cooled Plasma Cannon Cooled Plasma Cannon Advanced EMP Blaster Advanced EMP Blaster [Rating: 64] Favorites ----------- Power Ion Engine Engine Ion Engine Power Core Light Nuclear Core Propulsion Light Treads Treads Light Treads Leg Improved Aluminum Leg Wheel Wheel Hover Unit Gravmag System Utility Large Storage Unit Device Advanced Heat Sink Storage Large Storage Unit Processor Improved Signal Interpreter Hackware Relay Coupler [Swarmer] Protection Hardened Light Armor Plating Weapon Gauss Rifle Energy Gun Medium Laser Energy Cannon Cooled Plasma Cannon Ballistic Gun Gauss Rifle Ballistic Cannon AWS/Autocannon Launcher Advanced EMP Blaster Build | -11 -10 -10 -10 -9 -8 -8 -8 -8 -6 -6 -6 -6 ------- Run | Scr Mat Min Exi Min Mat Sto Gar Rec Fac Was Fac DSF Slots Evolved 8 | . . . . . 4 . . . 4 . . . Power . | . . . . . . . . . . . . . Propulsion 1 | . . . . . 1 . . . . . . . Utility 5 | . . . . . 1 . . . 4 . . . Weapon 2 | . . . . . 2 . . . . . . . Parts Attached 99 | 8 16 . . 2 30 17 8 . 4 5 . 9 Power 9 | 1 2 . . . 5 1 . . . . . . Engine 5 | 1 2 . . . 1 1 . . . . . . Core 4 | . . . . . 4 . . . . . . . Reactor . | . . . . . . . . . . . . . Propulsion 31 | 2 3 . . 2 15 2 1 . . 4 . 2 Treads 12 | . . . . . 8 2 1 . . . . 1 Leg 7 | . . . . . 7 . . . . . . . Wheel 7 | 2 3 . . 2 . . . . . . . . Hover 5 | . . . . . . . . . . 4 . 1 Flight . | . . . . . . . . . . . . . Utility 19 | 3 5 . . . 4 . . . 4 1 . 2 Device 5 | 2 . . . . . . . . 2 . . 1 Storage 5 | 1 3 . . . . . . . . 1 . . Processor 3 | . . . . . 2 . . . . . . 1 Hackware 2 | . . . . . . . . . 2 . . . Protection 4 | . 2 . . . 2 . . . . . . . Artifact . | . . . . . . . . . . . . . Weapon 40 | 2 6 . . . 6 14 7 . . . . 5 Energy Gun 12 | 2 6 . . . . 4 . . . . . . Energy Cannon 10 | . . . . . . 4 2 . . . . 4 Ballistic Gun 7 | . . . . . 2 3 2 . . . . . Ballistic Cannon 3 | . . . . . 3 . . . . . . . Launcher 8 | . . . . . 1 3 3 . . . . 1 Special Weapon . | . . . . . . . . . . . . . Impact Weapon . | . . . . . . . . . . . . . Slashing Weapon . | . . . . . . . . . . . . . Piercing Weapon . | . . . . . . . . . . . . . Special Melee Weapon . | . . . . . . . . . . . . . Unidentified Prototypes 7 | . . . . . 2 5 . . . . . . Parts Lost 18 | . 4 . . . 1 . . . . 3 . 10 Power 3 | . 1 . . . 1 . . . . . . 1 Propulsion 5 | . 1 . . . . . . . . . . 4 Utility 3 | . . . . . . . . . . 1 . 2 Weapon 7 | . 2 . . . . . . . . 2 . 3 Highest Loss Streak 9 | . 2 . . . 1 . . . . 3 . 9 To Critical Strikes 1 | . . . . . . . . . . 1 . . Average Slot Usage (%) 90 | . 98 100 100 100 80 89 100 100 93 81 . 62 Engine 6 | . 13 14 14 14 2 2 9 9 6 6 . 6 Core 3 | . . . . . 6 6 . . . . . . Treads 9 | . . . . . 6 27 27 27 20 2 . 2 Leg 7 | . . . . . 19 . . . . . . . Wheel 8 | . 26 28 28 28 . . . . . . . . Storage 10 | . 14 14 14 14 9 9 9 9 6 2 . . Processor 6 | . . . . . 9 9 9 9 6 6 . 7 Protection 10 | . 13 14 14 14 9 9 9 9 6 2 . . Energy Gun 9 | . 27 28 28 28 2 1 . . . . . . Energy Cannon 4 | . . . . . . 8 17 18 13 9 . 9 Ballistic Gun 4 | . . . . . 2 10 12 18 13 6 . . Ballistic Cannon 5 | . . . . . 13 4 . . . . . . Naked Turns . | . . . . . . . . . . . . . Heaviest Build 95 | 13 34 34 34 34 94 95 60 56 58 58 18 26 Greatest Support 60 | 26 26 10 10 20 60 60 60 60 60 60 27 27 Greatest Overweight (x) 7 | . 1 3 3 3 7 1 . . . 1 . 1 Average Overweight (x) 1 | . . 3 3 1 1 . . . . . . . Largest Inventory Capacity 15 | 8 15 15 15 15 15 15 15 15 15 15 5 5 Average Capacity 14 | 7 13 15 15 15 15 15 15 15 15 8 5 5 Most Carried 15 | 3 9 8 11 11 15 15 15 15 15 15 5 4 Average Carried 11 | 1 7 8 9 11 13 13 14 15 14 8 5 2 Final Capacity 15 | 8 15 15 15 15 15 15 15 15 15 5 5 5 Final Carried 15 | 3 8 8 11 11 14 15 15 15 15 5 5 1 Class Distribution -------------------- 36% | Mutant 29% | Skirmisher 22% | Scavenger-Skirmisher 11% | Scavenger-Mutant Dominant Class ---------------- Mutant | -10/Materials Mutant | -10/Mines Mutant | -10/Exiles Mutant | -9/Mines Skirmisher | -8/Materials Scavenger-Skirmisher | -8/Storage Scavenger-Skirmisher | -8/Garrison Scavenger-Mutant | -8/Recycling Scavenger-Mutant | -6/Factory Mutant | -6/Waste Mutant | -6/Factory Mutant | -6/DSF Resources | -11 -10 -10 -10 -9 -8 -8 -8 -8 -6 -6 -6 -6 ----------- Run | Scr Mat Min Exi Min Mat Sto Gar Rec Fac Was Fac DSF Matter Collected 1444 | 280 100 25 . 25 479 233 241 . . . . 61 Remotely . | . . . . . . . . . . . . . Salvage Created 3293 | 104 490 25 . 61 1024 1109 349 . . . . 131 Parts 232 | 8 40 4 . 9 60 64 25 . . . . 22 Haulers Intercepted 5 | . 1 . . . 3 1 . . . . . . Recyclers Shooed 1 | 1 . . . . . . . . . . . . Parts Field Recycled . | . . . . . . . . . . . . . Retrieved Matter . | . . . . . . . . . . . . . Parts Self-Destructed . | . . . . . . . . . . . . . Prevented . | . . . . . . . . . . . . . Kills | -11 -10 -10 -10 -9 -8 -8 -8 -8 -6 -6 -6 -6 ------- Run | Scr Mat Min Exi Min Mat Sto Gar Rec Fac Was Fac DSF Combat Hostiles Destroyed 82 | . 13 2 . . 24 25 12 . . . . 6 Melee 1 | . 1 . . . . . . . . . . . Guns 20 | . 11 2 . . . 6 1 . . . . . Cannons 49 | . . . . . 24 16 3 . . . . 6 AOE 10 | . . . . . . 3 7 . . . . . Classes Destroyed 15 | 2 5 . . 1 4 2 . . . . . 1 Worker 4 | . . . . 3 . 1 . . . . . . Builder 4 | . . . . . 2 2 . . . . . . Tunneler 3 | 2 . . . 1 . . . . . . . . Hauler 5 | . 1 . . . 3 1 . . . . . . Recycler 5 | 1 . . . . 3 1 . . . . . . Operator 1 | . 1 . . . . . . . . . . . Watcher 8 | . 2 . . . 5 1 . . . . . . Swarmer 24 | . 6 2 . . 4 3 8 . . . . 1 Cutter 5 | . . . . . . . . . . . . 5 Grunt 37 | . 7 . . . 12 16 2 . . . . . Duelist 3 | . . . . . . 3 . . . . . . Protector 1 | . . . . . . 1 . . . . . . Sentry 9 | . . . . . 5 2 2 . . . . . Specialist 2 | . . . . . 2 . . . . . . . Hunter 1 | . . . . . 1 . . . . . . . Best Kill Streak 10 | 2 3 2 . 2 10 8 4 . . . . 3 Combat Bots Only 6 | . 3 2 . . 6 6 4 . . . . 3 Max Kills in Single Turn 4 | 1 2 1 . 1 1 2 4 . . . . 2 Gunslinging 1 | . 1 . . . . . . . . . . . Exploded 4 | . . . . . . 2 4 . . . . . Melee 1 | . 1 . . . . . . . . . . . Uniques/NPCs Destroyed . | . . . . . . . . . . . . . Combat | -11 -10 -10 -10 -9 -8 -8 -8 -8 -6 -6 -6 -6 -------- Run | Scr Mat Min Exi Min Mat Sto Gar Rec Fac Was Fac DSF Damage Taken 2992 | . 731 118 . 3 479 581 39 . . 92 . 949 Core 641 | . 165 10 . . 70 66 . . . . . 330 Absorbed by Shields . | . . . . . . . . . . . . . Redirected to Shielding 47 | . 47 . . . . . . . . . . . Regen/Repaired (Parts) 118 | . 32 . . . 86 . . . . . . . Core Remaining (%) 68 | 100 . . . 30 . . . 75 . . . . Volleys Fired 192 | 8 58 7 . 7 46 32 14 . . . . 20 Largest 4 | 2 2 2 . 2 1 4 4 . . . . 3 Hottest 140 | 80 80 100 . 100 50 140 126 . . . . 133 Shots Fired 426 | 16 114 14 . 14 124 81 37 . . . . 26 Gun 207 | 16 114 14 . 14 3 30 16 . . . . . Cannon 211 | . . . . . 121 46 18 . . . . 26 Launcher 8 | . . . . . . 5 3 . . . . . Special . | . . . . . . . . . . . . . Kinetic 199 | . . . . . 123 60 16 . . . . . Thermal 195 | 16 104 14 . 14 1 5 18 . . . . 23 Explosive . | . . . . . . . . . . . . . Electromagnetic 32 | . 10 . . . . 16 3 . . . . 3 Robot Hit Streak 14 | 4 7 3 . 5 11 14 9 . . . . 4 Robot Miss Streak 7 | 2 3 2 . 2 7 3 2 . . . . 7 Penetration Max . | . . . . . . . . . . . . . Secondary Targets 5 | . 1 1 . . . 3 . . . . . . Max Gunslinging Chain 1 | . 1 1 . . . 1 . . . . . . Autonomous 108 | . . . . . 77 31 . . . . . . Shots Hit Robots 258 | 11 74 7 . 8 80 53 17 . . . . 8 Core Hits 126 | 4 27 2 . 5 31 39 12 . . . . 6 Critical Kills 1 | . . . . . . . 1 . . . . . Critical Parts Destroyed 1 | . . . . . . 1 . . . . . . Critical Strikes 14 | . . 2 . . 5 6 1 . . . . . Burn 2 | . . 2 . . . . . . . . . . Meltdown 1 | . . . . . . . 1 . . . . . Destroy 1 | . . . . . . 1 . . . . . . Blast 10 | . . . . . 5 5 . . . . . . Melee Attacks . | . . . . . . . . . . . . . Impact . | . . . . . . . . . . . . . Slashing . | . . . . . . . . . . . . . Piercing . | . . . . . . . . . . . . . Sneak Attacks . | . . . . . . . . . . . . . Combat Hostiles . | . . . . . . . . . . . . . Follow-up Attacks . | . . . . . . . . . . . . . Damage Inflicted 10367 | 122 885 101 . 107 5016 2957 731 . . . . 448 Guns 1631 | 122 857 101 . 101 31 316 103 . . . . . Cannons 8174 | . . . . . 4985 2361 380 . . . . 448 Explosions 528 | . . . . . . 280 248 . . . . . Melee . | . . . . . . . . . . . . . Ramming 34 | . 28 . . 6 . . . . . . . . Kinetic 7587 | . . . . . 5004 2480 103 . . . . . Thermal 2028 | 122 745 101 . 101 12 31 468 . . . . 448 Explosive . | . . . . . . . . . . . . . Electromagnetic 718 | . 112 . . . . 446 160 . . . . . Impact . | . . . . . . . . . . . . . Slashing . | . . . . . . . . . . . . . Piercing . | . . . . . . . . . . . . . Highest Corruption 10 | . . . . . 1 3 3 3 . 10 10 10 Average Corruption 2 | . . . . . 1 2 3 3 . 6 10 10 Corruption Purged . | . . . . . . . . . . . . . Corruption Blocked . | . . . . . . . . . . . . . Effects 50 | . . . . . 7 14 12 7 . 6 . 4 Message Errors 17 | . . . . . 3 5 6 1 . 2 . . Matter Fused 7 | . . . . . . . 1 4 . 2 . . Heat Flow Errors 8 | . . . . . 1 2 2 1 . 1 . 1 Energy Discharges 5 | . . . . . . 2 1 1 . . . 1 Parts Rejected 1 | . . . . . . 1 . . . . . . Data Loss (minor) 4 | . . . . . 2 1 1 . . . . . Data Loss (major) 3 | . . . . . . 2 . . . 1 . . Misfires 2 | . . . . . 1 1 . . . . . . Alerts 2 | . . . . . . . 1 . . . . 1 Weapon Failures 1 | . . . . . . . . . . . . 1 Overload Shots 5 | . . . . . . 1 . . . . . 4 Overflow Damage 1124 | . . . . . 632 423 31 . . . . 38 Projectiles 1118 | . . . . . 632 417 31 . . . . 38 Explosions 6 | . . . . . . 6 . . . . . . Melee . | . . . . . . . . . . . . . Knockbacks 19 | . . . . . 12 7 . . . . . . Impact . | . . . . . . . . . . . . . Kinetic 15 | . . . . . 10 5 . . . . . . Secondary 4 | . . . . . 2 2 . . . . . . Self-Inflicted Damage 37 | . 12 . . 3 . 22 . . . . . . Shots 2 | . . . . . . 2 . . . . . . Rammed 8 | . 7 . . 1 . . . . . . . . Targets Rammed 8 | . 7 . . 1 . . . . . . . . Kicked . | . . . . . . . . . . . . . Crushed . | . . . . . . . . . . . . . Highest Temperature 333 | 108 318 333 . 108 224 227 236 92 . 216 . 71 Average Temperature 84 | 46 91 183 . 44 38 72 83 56 . 126 . 44 Received Heat Transfer 705 | . 219 . . . 135 288 9 . . . . 54 Effects 3 | . 2 1 . . . . . . . . . . Energy Bleed 1 | . 1 . . . . . . . . . . . Interference 1 | . 1 . . . . . . . . . . . Short Circuit 1 | . . 1 . . . . . . . . . . Siege Activations . | . . . . . . . . . . . . . Robots Corrupted . | . . . . . . . . . . . . . Combat Hostiles . | . . . . . . . . . . . . . Parts Fried 4 | . 1 . . . 2 1 . . . . . . Impact Corruptions 2 | . . . . . 1 1 . . . . . . Robots Melted 2 | . 1 . . . . . 1 . . . . . Combat Hostiles 2 | . 1 . . . . . 1 . . . . . Parts Melted 11 | 3 3 1 . 1 . . 2 . . . . 1 Heat Transferred 4067 | 275 1675 444 . 296 37 50 650 . . . . 640 Parts Sabotaged . | . . . . . . . . . . . . . Parts Stolen . | . . . . . . . . . . . . . Parts Stripped . | . . . . . . . . . . . . . Power Chain Reactions 2 | . . . . . . 1 1 . . . . . Missiles Intercepted . | . . . . . . . . . . . . . Alert | -11 -10 -10 -10 -9 -8 -8 -8 -8 -6 -6 -6 -6 ------- Run | Scr Mat Min Exi Min Mat Sto Gar Rec Fac Was Fac DSF Peak Influence 900 | 15 205 108 . 50 512 379 468 225 900 315 210 248 Initial 900 | . 9 28 . . . 191 148 210 900 315 210 147 Average 226 | 6 92 104 . 16 266 250 295 150 900 305 210 191 Maximum Alert Level 3 | . 1 . . . 2 1 2 1 3 1 1 1 Low Security (%) 49 | 100 93 100 . 100 37 31 13 48 . . . 53 Level 1 30 | . 6 . . . 23 68 71 51 . 100 100 46 Level 2 16 | . . . . . 39 . 15 . . . . . Level 3 3 | . . . . . . . . . 100 . . . Level 4 . | . . . . . . . . . . . . . Level 5 . | . . . . . . . . . . . . . High Security . | . . . . . . . . . . . . . Max Security . | . . . . . . . . . . . . . Squads Dispatched 11 | . 3 . . . 2 4 . . . . . 2 Investigation 3 | . 1 . . . 1 1 . . . . . . Extermination . | . . . . . . . . . . . . . Reinforcement 6 | . 2 . . . 1 1 . . . . . 2 Assault 2 | . . . . . . 2 . . . . . . Garrison . | . . . . . . . . . . . . . Intercept . | . . . . . . . . . . . . . Searches Triggered . | . . . . . . . . . . . . . Construction Impeded 1 | . . . . . . 1 . . . . . . Haulers Reinforced . | . . . . . . . . . . . . . Active Scanning Responses . | . . . . . . . . . . . . . Cargo Convoy Interrupts . | . . . . . . . . . . . . . Stealth | -11 -10 -10 -10 -9 -8 -8 -8 -8 -6 -6 -6 -6 --------- Run | Scr Mat Min Exi Min Mat Sto Gar Rec Fac Was Fac DSF Distress Signals 5 | . 1 . . . 3 1 . . . . . . Communications Jammed . | . . . . . . . . . . . . . Distress Signals . | . . . . . . . . . . . . . Times Spotted 136 | . 23 14 . 2 29 30 5 14 . 5 . 14 Peak Tracking Total 13 | . 4 13 . 2 6 7 2 6 . 5 . 10 Tactical Retreats 11 | . 2 1 . 1 2 3 . . . 1 . 1 Traps | -11 -10 -10 -10 -9 -8 -8 -8 -8 -6 -6 -6 -6 ------- Run | Scr Mat Min Exi Min Mat Sto Gar Rec Fac Was Fac DSF Traps Triggered 8 | . 1 . . . 1 1 4 . 1 . . . Indirectly 4 | . . . . . . . 4 . . . . . Trap Hack Attempts . | . . . . . . . . . . . . . Triggered . | . . . . . . . . . . . . . Disarmed . | . . . . . . . . . . . . . Reprogrammed . | . . . . . . . . . . . . . Reused . | . . . . . . . . . . . . . Traps Extracted . | . . . . . . . . . . . . . Installed . | . . . . . . . . . . . . . Triggered . | . . . . . . . . . . . . . Machines | -11 -10 -10 -10 -9 -8 -8 -8 -8 -6 -6 -6 -6 ---------- Run | Scr Mat Min Exi Min Mat Sto Gar Rec Fac Was Fac DSF Machines Disabled 8 | . . 1 . . 1 3 3 . . . . . Max in Single Turn 1 | . . 1 . . 1 1 1 . . . . . Garrison Relay 1 | . . . . . . . 1 . . . . . Machines Sabotaged . | . . . . . . . . . . . . . Garrisons Compromised . | . . . . . . . . . . . . . Overloaded Fab Kills . | . . . . . . . . . . . . . Hacking | -11 -10 -10 -10 -9 -8 -8 -8 -8 -6 -6 -6 -6 --------- Run | Scr Mat Min Exi Min Mat Sto Gar Rec Fac Was Fac DSF Machines Accessed 23 | . 6 . 1 . 5 5 . 5 . . 1 . Terminals 19 | . 5 . . . 4 4 . 5 . . 1 . Fabricators . | . . . . . . . . . . . . . Repair Stations 2 | . 1 . . . 1 . . . . . . . Recycling Units . | . . . . . . . . . . . . . Scanalyzers . | . . . . . . . . . . . . . Garrison Access 1 | . . . . . . 1 . . . . . . Total Hacks 75 | . 17 . 1 . 29 14 . 12 . . 2 . Successful 43 | . 10 . 1 . 21 5 . 5 . . 1 . Failed 32 | . 7 . . . 8 9 . 7 . . 1 . Catastrophic 5 | . . . . . 1 3 . 1 . . . . Database Lockouts . | . . . . . . . . . . . . . Manual 37 | . 8 . 1 . 12 9 . 7 . . . . Terminals 59 | . 15 . . . 18 12 . 12 . . 2 . Fabricators . | . . . . . . . . . . . . . Repair Stations 13 | . 2 . . . 11 . . . . . . . Recycling Units . | . . . . . . . . . . . . . Scanalyzers . | . . . . . . . . . . . . . Garrison Access 2 | . . . . . . 2 . . . . . . Terminal Hacks 26 | . 7 . 1 . 8 4 . 5 . . 1 . Record 1 | . . . . . 1 . . . . . . . Robot Analysis 4 | . 1 . . . 2 . . 1 . . . . Prototype ID Bank 4 | . 2 . . . 1 . . 1 . . . . Open DSF 1 | . . . . . . . . . . . 1 . Branch Access Points 1 | . 1 . . . . . . . . . . . Emergency Access Points 1 | . 1 . . . . . . . . . . . Alert Level 5 | . 1 . . . 2 2 . . . . . . Unreport Threat 4 | . . . . . . 2 . 2 . . . . Locate Traps 3 | . 1 . . . 2 . . . . . . . Security Status 1 | . . . . . . . . 1 . . . . EX-Prototype ID Bank 1 | . . . 1 . . . . . . . . . Fabricator Hacks . | . . . . . . . . . . . . . Repair Station Hacks 12 | . 2 . . . 10 . . . . . . . Scan Component 6 | . 1 . . . 5 . . . . . . . Repair 6 | . 1 . . . 5 . . . . . . . Recycling Unit Hacks . | . . . . . . . . . . . . . Scanalyzer . | . . . . . . . . . . . . . Garrison Access Hacks 1 | . . . . . . 1 . . . . . . Unlock Access 1 | . . . . . . 1 . . . . . . Unauthorized Hacks 4 | . 1 . . . 3 . . . . . . . Terminals 4 | . 1 . . . 3 . . . . . . . Botnet 4 | . 1 . . . 3 . . . . . . . Fabricators . | . . . . . . . . . . . . . Repair Stations . | . . . . . . . . . . . . . Recycling Units . | . . . . . . . . . . . . . Scanalyzers . | . . . . . . . . . . . . . Garrison Access . | . . . . . . . . . . . . . Data Cores Recovered . | . . . . . . . . . . . . . Used . | . . . . . . . . . . . . . Hacking Detections 22 | . 6 . . . 5 4 . 6 . . 1 . Full Trace Events 1 | . . . . . . 1 . . . . . . Feedback Events 1 | . . . . . . 1 . . . . . . Corruption 1 | . . . . . . 1 . . . . . . Feedback Blocked . | . . . . . . . . . . . . . Robot Schematics Acquired . | . . . . . . . . . . . . . Robots Built . | . . . . . . . . . . . . . Authchips . | . . . . . . . . . . . . . Time . | . . . . . . . . . . . . . Total Robot Build Rating . | . . . . . . . . . . . . . Part Schematics Acquired . | . . . . . . . . . . . . . Parts Built . | . . . . . . . . . . . . . Authchips . | . . . . . . . . . . . . . Time . | . . . . . . . . . . . . . Total Part Build Rating . | . . . . . . . . . . . . . Parts Repaired 6 | . 1 . . . 5 . . . . . . . Time 168 | . 26 . . . 142 . . . . . . . Parts Recycled . | . . . . . . . . . . . . . Recycled Matter . | . . . . . . . . . . . . . Retrieved Matter . | . . . . . . . . . . . . . Retrieved Components . | . . . . . . . . . . . . . Parts Scanalyzed . | . . . . . . . . . . . . . Part Schematics Acquired . | . . . . . . . . . . . . . Parts Damaged . | . . . . . . . . . . . . . Bothacking | -11 -10 -10 -10 -9 -8 -8 -8 -8 -6 -6 -6 -6 ------------ Run | Scr Mat Min Exi Min Mat Sto Gar Rec Fac Was Fac DSF Used RIF Installer 1 | . . . . . . . 1 . . . . . Robots Hacked . | . . . . . . . . . . . . . Non-combat . | . . . . . . . . . . . . . Combat . | . . . . . . . . . . . . . Robot Hacks Applied . | . . . . . . . . . . . . . Relay Couplers Released 4 | . . . . . . . 4 . . . . . Machine Destruction 4 | . . . . . . . 4 . . . . . Attached 2 | . . . . . . . . . 2 . . . Fabnet Peak Effective % . | . . . . . . . . . . . . . Robots Rewired . | . . . . . . . . . . . . . Allies Hacked . | . . . . . . . . . . . . . Hacks Repelled . | . . . . . . . . . . . . . Allies | -11 -10 -10 -10 -9 -8 -8 -8 -8 -6 -6 -6 -6 -------- Run | Scr Mat Min Exi Min Mat Sto Gar Rec Fac Was Fac DSF Total Allies 2 | . . . . . . 2 . . . . . . Largest Group 2 | . . . . . . 2 . . . . . . Highest-Rated Group 62 | . . . . . . 62 . . . . . . Highest-Rated Ally 31 | . . . . . . 31 . . . . . . Total Orders . | . . . . . . . . . . . . . Ally Attacks 4 | . . . . . . 4 . . . . . . Total Damage 57 | . . . . . . 57 . . . . . . Kills . | . . . . . . . . . . . . . Allies Corrupted . | . . . . . . . . . . . . . Allies Melted . | . . . . . . . . . . . . . Intel | -11 -10 -10 -10 -9 -8 -8 -8 -8 -6 -6 -6 -6 ------- Run | Scr Mat Min Exi Min Mat Sto Gar Rec Fac Was Fac DSF Robot Analysis Total 4 | . 1 . . . 2 . . 1 . . . . Derelict Logs Recovered 2 | . . 1 . 1 . . . . . . . . Drone Launches . | . . . . . . . . . . . . . Drone Recoveries . | . . . . . . . . . . . . . Exploration | -11 -10 -10 -10 -9 -8 -8 -8 -8 -6 -6 -6 -6 ------------- Run | Scr Mat Min Exi Min Mat Sto Gar Rec Fac Was Fac DSF Turns Passed 7346 | 109 1155 242 385 428 2748 812 608 400 216 152 3 88 Spaces Moved 3911 | 71 834 93 308 409 975 329 315 217 128 183 5 44 Core 5 | 5 . . . . . . . . . . . . Treads 1199 | . . . . . 201 329 315 217 128 9 . . Legs 755 | . . . . . 755 . . . . . . . Wheels 1729 | 66 834 93 308 409 19 . . . . . . . Hover 223 | . . . . . . . . . . 174 5 44 Flight . | . . . . . . . . . . . . . Fastest Speed 50 | 50 80 125 125 95 120 163 163 163 163 52 52 52 Average Speed 149 | 86 94 125 125 98 228 198 163 163 163 70 52 63 Slowest Speed 610 | 90 95 125 125 125 610 243 163 163 163 163 52 120 Overloaded Moves . | . . . . . . . . . . . . . Propulsion Burnouts . | . . . . . . . . . . . . . Robots Hopped . | . . . . . . . . . . . . . Cave-ins Triggered . | . . . . . . . . . . . . . Exploration Rate (%) 50 | 5 97 26 76 59 65 39 49 63 4 88 . 29 Regions Visited 12 Branch Regions 5 Pre-discovered Areas . | . . . . . . . . . . . . . Known Exits Taken 6 | . 1 1 . . 1 1 . 1 . . 1 . Unknown Exits Taken 3 | 1 . . 1 1 . . . . . . . . Scrap Searched . | . . . . . . . . . . . . . Spaces Dug . | . . . . . . . . . . . . . Terrain Destroyed 39 | . . . . . 29 8 1 . . . . 1 Melee . | . . . . . . . . . . . . . Projectile 36 | . . . . . 29 5 1 . . . . 1 AOE 3 | . . . . . . 3 . . . . . . Terrain Rammed . | . . . . . . . . . . . . . Walls Destroyed . | . . . . . . . . . . . . . Machines Disabled . | . . . . . . . . . . . . . Actions | -11 -10 -10 -10 -9 -8 -8 -8 -8 -6 -6 -6 -6 --------- Run | Scr Mat Min Exi Min Mat Sto Gar Rec Fac Was Fac DSF Total 5079 | 98 1089 205 308 422 1456 440 379 263 136 202 4 77 Wait 774 | 7 158 106 . 2 357 44 39 47 . 13 . 1 Move 3899 | 70 833 92 307 408 974 328 313 216 128 182 4 44 Hop . | . . . . . . . . . . . . . Pick Up 43 | 4 7 . 1 . 18 6 2 . 3 1 . 1 Fast Attach 53 | 7 6 . . 2 22 8 . . 2 1 . 5 Attach 16 | . 3 . . . 4 3 . . 2 . . 4 Detach 4 | . 1 . . . 2 1 . . . . . . Swap 30 | 1 7 . . . 4 6 8 . . 4 . . Drop 59 | 1 9 . . 2 29 11 3 . 1 1 . 2 Fire 192 | 8 58 7 . 7 46 32 14 . . . . 20 Melee . | . . . . . . . . . . . . . Ram 8 | . 7 . . 1 . . . . . . . . Kick . | . . . . . . . . . . . . . Crush . | . . . . . . . . . . . . . Escape Stasis . | . . . . . . . . . . . . . Rewire 1 | . . . . . . 1 . . . . . . Trap . | . . . . . . . . . . . . . Miscellaneous . | . . . . . . . . . . . . . Route ------- -11/Scrapyard -10/Materials (discovered 4 exits: [*Mat x3] / *Min) -10/Mines -10/Exiles (discovered 2 exits: [*Min x2]) -9/Mines -8/Materials (discovered 3 exits: *Fac x2 / *Sto) -8/Storage -8/Garrison (discovered 2 exits: *Rec x2) -8/Recycling -6/Factory -6/Waste -6/Factory -6/DSF History --------- Turn | Location | Event 3 | -11/Scrapyard | Discovered new exit (range 16) 110 | -11/Scrapyard | Entered Materials 254 | -10/Materials | Discovered new exit (range 3) 316 | -10/Materials | Build established: Mutant 486 | -10/Materials | Discovered new exit (range 7) 638 | -10/Materials | Discovered new exit (range 12) 842 | -10/Materials | Identified exit to Mines 862 | -10/Materials | Discovered new exit (range 16) 918 | -10/Materials | Repaired Wheel 1004 | -10/Materials | Core integrity fell below 50% 1265 | -10/Materials | Entered Mines 1330 | -10/Mines | Identified exit to Exiles 1352 | -10/Mines | Assembled infested the area 1357 | -10/Mines | Assisted by a Guerilla fighting off Assembled 1367 | -10/Mines | Deemed a non-threat by the Exiles lab entrance 1507 | -10/Mines | Entered Exiles 1529 | -10/Exiles | Discovered new exit (range 15) 1540 | -10/Exiles | Met 8R-AWN 1561 | -10/Exiles | Met EX-HEX 1606 | -10/Exiles | Met EX-BIN 1624 | -10/Exiles | Aligned with FarCom system 1625 | -10/Exiles | Given EX-Vault access code 1656 | -10/Exiles | Opened EX-Vault 1667 | -10/Exiles | Found AWS/Autocannon 1693 | -10/Exiles | Warned to stay clear of 0b10 Research branches 1732 | -10/Exiles | Met EX-DEC 1781 | -10/Exiles | Visited The Gauntlet 1882 | -10/Exiles | Discovered new exit (range 10) 1892 | -10/Exiles | Left Exiles lab with AWS/Autocannon 1892 | -10/Exiles | Entered Mines 2072 | -9/Mines | Learned Materials garrison access intel 2317 | -9/Mines | Discovered new exit (range 5) 2320 | -9/Mines | Entered Materials 2320 | -8/Materials | Evolved 4 slots: Propulsion x1, Utility x1, Weapon x2 2321 | -8/Materials | Loaded intel: 1 garrison access location 2625 | -8/Materials | Build established: Skirmisher 3138 | -8/Materials | Discovered new exit (range 5) 3156 | -8/Materials | Identified exit to Factory 3341 | -8/Materials | Discovered new exit (range 15) 3445 | -8/Materials | Identified exit to Storage 3675 | -8/Materials | Build established: Scavenger-Skirmisher 3705 | -8/Materials | Discovered exit to Factory (range 10) 4043 | -8/Materials | Build established: Skirmisher 4549 | -8/Materials | Repaired Lgt. Nuclear Core 4576 | -8/Materials | Repaired Lgt. Treads 4604 | -8/Materials | Repaired Lgt. Treads 4630 | -8/Materials | Repaired Lgt. Treads 4658 | -8/Materials | Repaired Lgt. Treads 5068 | -8/Materials | Entered Storage 5124 | -8/Storage | Met a pair of Derelict thieves 5610 | -8/Storage | Identified exit to Garrison 5880 | -8/Storage | Entered Garrison 5889 | -8/Garrison | Installed Relay Interface Framework 5940 | -8/Garrison | Build established: Scavenger-Skirmisher 5960 | -8/Garrison | Triggered checkpoint 6153 | -8/Garrison | Discovered new exit (range 15) 6185 | -8/Garrison | Identified exit to Recycling 6288 | -8/Garrison | Triggered checkpoint 6358 | -8/Garrison | Discovered exit to Recycling (range 11) 6380 | -8/Garrison | Triggered checkpoint 6421 | -8/Garrison | Garrison Relay disabled 6488 | -8/Garrison | Entered Recycling 6604 | -8/Recycling | Spotter reported a threat 6627 | -8/Recycling | Spotter reported a threat 6632 | -8/Recycling | Spotter reported a threat 6634 | -8/Recycling | Spotter reported a threat 6652 | -8/Recycling | Spotter reported a threat 6657 | -8/Recycling | Spotter reported a threat 6661 | -8/Recycling | Spotter reported a threat 6686 | -8/Recycling | Spotter reported a threat 6686 | -8/Recycling | Spotter reported a threat 6688 | -8/Recycling | Spotter reported a threat 6697 | -8/Recycling | Spotter reported a threat 6714 | -8/Recycling | Spotter reported a threat 6718 | -8/Recycling | Build established: Scavenger-Mutant 6721 | -8/Recycling | Spotter reported a threat 6739 | -8/Recycling | Spotter reported a threat 6755 | -8/Recycling | Spotter reported a threat 6765 | -8/Recycling | Spotter reported a threat 6828 | -8/Recycling | Spotter reported a threat 6838 | -8/Recycling | Spotter reported a threat 6842 | -8/Recycling | Discovered new exit (range 9) 6856 | -8/Recycling | Spotter reported a threat 6856 | -8/Recycling | Spotter reported a threat 6886 | -8/Recycling | Identified exit to Factory 6888 | -8/Recycling | Entered Factory 6888 | -6/Factory | Evolved 4 slots: Utility x4 7104 | -6/Factory | Sucked down chute 7104 | -6/Factory | Entered Waste 7118 | -6/Waste | Spotted C-40 Crusher 7118 | -6/Waste | Spotted C-40 Crusher 7119 | -6/Waste | EMP discharged 7164 | -6/Waste | Spotted C-40 Crusher 7174 | -6/Waste | Crushed by Compactor (1 part destroyed, 2 dropped) 7177 | -6/Waste | Crushed by Compactor (1 part destroyed, 1 dropped) 7193 | -6/Waste | Spotted C-40 Crusher 7193 | -6/Waste | Spotted C-40 Crusher 7208 | -6/Waste | Lost 3 parts (1u2w) 7219 | -6/Waste | EMP discharged 7219 | -6/Waste | System corruption reached 10% 7243 | -6/Waste | Spotted C-40 Crusher 7248 | -6/Waste | Discovered new exit (range 16) 7255 | -6/Waste | Identified exit to Factory 7256 | -6/Waste | Entered Factory 7259 | -6/Factory | Identified exit to DSF 7259 | -6/Factory | Entered DSF 7276 | -6/DSF | Additional patrols routed to DSF 7347 | -6/DSF | Self-destructed Last Messages --------------- 07331_ C-30 ARC bursts open, deploying its payload. 07331_ S-27 Virus unfolds itself. 07333_ EM Pulse Cannon severed. 07335_ Adv. Terrain Scanner destroyed. 07336_ C-17 Slicer destroyed. 07336_ Reaction Control System melted. 07336_ C-17 Slicer destroyed. 07338_ Cld. Plasma Cannon destroyed. 07339_ S-27 Virus destroyed. 07341_ Destroyed VTOL Module. 07341_ Cld. Plasma Cannon destroyed. 07341_ Lgt. Treads destroyed. 07341_ S-27 Virus destroyed. 07342_ Knocked back. 07343_ Cld. Ion Engine destroyed. 07343_ Knocked back. 07344_ Acquired EM Pulse Cannon. 07345_ Gravmag System destroyed. 07345_ Relay Coupler [Sentry] destroyed. 07347_ EM Pulse Cannon destroyed. Map ----- +----------------------------------------------------+ | | | | | | | | | | | | | | | | | | | | | | | | | | | | | | | | | ????#?##??#?##????????????????#????#?????????? | | ????#?#???????#???#?##?#??????#?????????#????? | | ???#???????????##?#????????#???##??#?#???????? | | ????#???####????#???#???#??#???#???#?#???????? | | ??????#??""#????????######?????#??#???""?????? | | ????##?###"#??#???#?# # ###????#??#?????????? | | ??#??#####"###????#?# # ####???#???????????? | | ??????#"""""#########!!% **#?#??#?????"?"???? | | ??????#"""""##! #***# !% **#=* #==#?""??????? | | ??#??##"" ] ==!= @c! [=*x%/ s% ??"????? | | ????""""" !=/* * =*= %[Y=] s ??????? | | ??#?###"" ##**#***## ###===#==## ??????? | | ??###?### ###**#***"# #??? =#????? ?#????? | | ???????## #?########!! !!?#?####?????#????? | | ?????### *?##??????!! !!#?????#??????????? | | ???????# *???#??#?#!! !!#????????????????? | | ??????### ###?##?##### ###?#??#???#? ?????? | | ???#???? * ??????##?? ??#??????????????? | | ????##?? *?????????? ##??#????????????? | | ???????# *?#???#???? #????##? ????????? | | ?????#?## #???#?????#? ####????#??????????? | | ????????= ##?????????? #?#???#? ??????????? | | ????????= ???? ? ??#? A??????????????????? | | ??????? ^ ???????????? ??? ??????????????? | | ???????? ? ?????????? H ?????? ????????????? | | ???????? ???? ?? ?? ????? ???????????? | | ?????????????? ??? ??? ? ??????????????????? | | ??????????????????????? ????? ???????????????? | | ???????????????#??????# ?????????????????????? | | ?????????????????????????????????????????????? | | ?????????????????????????????????????????????? | | ?????????????????????????????????????????????? | | ?????????????????????????????????????????????? | | ?????????????????????????????????????????????? | +----------------------------------------------------+ Best States ------------- Heat Dissipation 56 Energy Generation 14 Energy Capacity 280 Matter Stores 300 Matter Capacity 300 Sight Range 16 Terrain Scan Range 20 Terrain Scan Density 210 Armor Coverage 150 Resistance: TH 10 Resistance: EM 25 Weapon Shielding 33 Evasion (%) 54 Recoil Reduction 3 Relay Coupler Types 2 Relay Coupler Value 55 Item Schematics ----------------- None Robot Schematics ------------------ None Fabricated ------------ Nothing Alien Tech Used ----------------- None Achievements -------------- None Challenges ------------ None Game ------ Seed SignalMassSpear Manual? 0 Play Time 01:02:27 Cumulative 65.5 hours Start 2022.09.09 @ 20:45:42 End 2022.09.12 @ 18:16:00 Sessions 5 Manual Loads 0 Difficulty Rogue Special Mode None Game No. 134 Rogue 134 Adventurer 0 Explorer 0 Win Type - Total 0 Types 0/0/0/0/0/0/0/0/0 Lore% 41 Gallery% 44 Achievement% 38 Wizard Run 0 Options --------- ASCII 0 Keyboard 0 Movement Numpad Keybinds 0 Fullscreen 2 Font 24/Smallcaps Map View 76x50 Tactical HUD 1 Map Filters NONE Filters NONE Steam 1 RUN: edc0e8a0-d438-4b8b-85a2-b94d4f12f9a9